 Dungeon Crawl Stone Soup version 0.25-a0-306-g3faca94807 (webtiles) character file.

Game seed: 1671046529857693022, levelgen mode: deterministic

81 DerDa the Firebug (level 4, 0/27 HPs)
             Began as an Octopode Fire Elementalist on Dec 21, 2019.
             Slain by an orc wizard
             ... wielding a +0 dagger
              (2 damage)
             ... on level 2 of the Dungeon.
             The game lasted 00:08:48 (1133 turns).

DerDa the Firebug (Octopode Fire Elementalist)      Turns: 1133, Time: 00:08:48

Health: 0/27       AC:  1    Str:  7      XL:     4   Next: 42%
Magic:  3/8        EV: 13    Int: 17 (18) God:
Gold:   126        SH:  0    Dex:  9 (12) Spells: 8/9 levels left

rFire    . . .     SeeInvis .   f - +1 dagger (elec)
rCold    . . .     Gourm    .   (no shield)
rNeg     . . .     Faith    .   (helmet restricted)
rPois    .         Spirit   .   (no amulet)
rElec    .         Reflect  .   (no ring)
rCorr    .         Harm     .   (no ring)
MR       .....                  (no ring)
Stlth    +++.......             (no ring)
HPRegen  0.09/turn              (no ring)
MPRegen  0.11/turn              (no ring)
                                (no ring)
                                (no ring)

@: flying, very slightly contaminated
A: almost no armour, stealthy swim, amphibious, 8 rings, constrict 8, camouflage
1, gelatinous body 1
a: no special abilities


You were on level 2 of the Dungeon.
You were not hungry.

You visited 1 branch of the dungeon, and saw 2 of its levels.

You collected 126 gold pieces.

Inventory:

Hand Weapons
 d - a +0 club
 f - a +1 dagger of electrocution (weapon)
Missiles
 c - 20 sling bullets
 m - 29 bolts
Jewellery
 j - an uncursed ring of protection from fire {unknown}
 n - an uncursed amulet of the acrobat {unknown}
Scrolls
 a - a scroll of teleportation {unknown}
 e - a scroll of magic mapping {unknown}
 g - a scroll of fog {unknown}
 k - a scroll of identify {unknown}
Potions
 l - a potion of lignification {unknown}
 o - a potion of cancellation {unknown}
Comestibles
 b - 4 rations
 h - a chunk of flesh


   Skills:
 - Level 2.0 Dodging
 - Level 2.6 Stealth
 * Level 3.3 Spellcasting
 + Level 2.1 Conjurations
 + Level 3.5 Fire Magic


You had 8 spell levels left.
You knew the following spells:

 Your Spells              Type           Power        Failure   Level  Hunger
a - Foxfire               Conj/Fire      ##..         5%          1    None

Your spell library contained the following spells:

 Spells                   Type           Power        Failure   Level  Hunger
 Conjure Flame            Conj/Fire      ##......     16%         3    ###....
 Inner Flame              Hex/Fire       #.......     24%         3    ###....
 Sticky Flame             Conj/Fire      ##......     45%         4    ####...
 Fireball                 Conj/Fire      ##........   82%         5    ######.


Dungeon Overview and Level Annotations

Branches:
Dungeon (2/15)

Altars:

Annotations:
D:2 1 runed translucent door, Crazy Yiuf


Innate Abilities, Weirdness & Mutations

You cannot wear most types of armour.
You are very stealthy in the water. (Stealth+)
You are amphibious.
You can wear up to eight rings at the same time.
You can use your tentacles to constrict eight enemies at once.
Your skin changes colour to match your surroundings (Stealth+).
Your rubbery body absorbs attacks. (AC +1, EV +1)


Message History

The orc closely misses you. Something hits you.
You barely miss something. The orc hits you with a +0 mace.
Something hits you. x2
The orc barely misses you.
You hit the orc but do no damage. You grab the orc.
The orc is heavily wounded.
You constrict the orc. Something hits you. The orc hits you with a +0 mace.
* * * LOW HITPOINT WARNING * * *
You hit the orc.
You kill the orc!
You feel yourself speed up. Something hits you.
* * * LOW HITPOINT WARNING * * *
You hear some strange, mumbled words.
A magic dart appears from out of thin air!
The magic dart hits you.
* * * LOW HITPOINT WARNING * * *
It was a potion of flight.
You feel very buoyant.
You fly up into the air.
Something hits you.
You die...

#<# ##<#..# #.# ##.#.#
#.# ###.# #.# #.# #.#
#.# #.# #####.# #.#
#.....# #)#### #.#####
#@{..# #.# ####.# #.#
#.# #.###### #.#
#.##.... #.# #.##.###
#####.######.##.#
#.######............##.#
#.....>..###...........#
########## #############


There were no monsters in sight!

Vanquished Creatures
  An orc wizard (D:2)
  2 adders
  A worm (D:2)
  3 dart slugs
  An orc (D:2)
  3 giant cockroaches
  4 goblins
  3 hobgoblins (D:1)
  A bat (D:2)
  A frilled lizard (D:2)
  5 kobolds
  3 rats
28 creatures vanquished.

Vanquished Creatures (others)
  57 foxfires
57 creatures vanquished.

Grand Total: 85 creatures vanquished

Notes
Turn   | Place    | Note
-------+----------+-------------------------------------------
     0 | D:1      | DerDa the Octopode Fire Elementalist began the quest for
                  | the Orb.
     0 | D:1      | Reached XP level 1. HP: 11/11 MP: 3/3
   160 | D:1      | Reached XP level 2. HP: 17/17 MP: 3/5
   596 | D:1      | Reached XP level 3. HP: 3/21 MP: 2/7
  1043 | D:2      | Found a runed translucent door.
  1044 | D:2      | Noticed Crazy Yiuf
  1126 | D:2      | Reached XP level 4. HP: 27/27 MP: 4/8
  1132 | D:2      | HP: 1/27 [something/magic dart (3)]
  1133 | D:2      | Slain by an orc wizard

Levels and vault maps discovered:
D:1:      saegor_arrival_under_anarchy, layout_rooms,
          corexii_item_surrounded_by_moat, kennysheep_nondescript
D:2:      layout_loops_ring, yredelemnul_forgotten_temple_becter, uniq_robin,
          uniq_crazy_yiuf_cottage

Skill      XL: |  1  2  3 |
---------------+----------+-----
Spellcasting   | 3 |  3.3
Conjurations   | 2 |  2.1
Dodging        | |  2.0
Stealth        | |  2.6
Fire Magic     | |  3.5

Action                   |  1- 3 |  4- 6 || total
-------------------------+-------+-------++-------
Melee: Club              |     3 |       ||     3
       Unarmed           |     1 |       ||     1
       Dagger            |    20 |     4 ||    24
       Constrict         |     4 |     1 ||     5
       Tentacles         |     1 |       ||     1
 Cast: Foxfire           |    35 |     2 ||    37
  Use: Potion            |     2 |     1 ||     3
 Stab: Sleeping          |     2 |       ||     2
  Eat: Chunk             |     1 |       ||     1
Armor: Skin              |     1 |     1 ||     2
Dodge: Dodged            |    13 |     3 ||    16

Table legend:
 A = Non-vault XP
 B = Vault XP
 C = Vault XP percentage of total XP
 D = Non-vault monster count
 E = Vault monster count
 F = Vault count percentage of total count
                 A         B        C        D         E       F
            +---------+---------+-------+---------+---------+-------
      Total |     117 |       0 |   0.0 |      28 |       0 |   0.0
            +---------+---------+-------+---------+---------+-------
        D:1 |      41 |       0 |   0.0 |      16 |       0 |   0.0
        D:2 |      76 |       0 |   0.0 |      12 |       0 |   0.0
            +---------+---------+-------+---------+---------+-------
